AoeStats
← AiM | CyclopsTron

Hill Fort

504151188Analyzed
4v4 RM · 28d ago on Sep 4, 2026· 52m 48s· 8 players
Game mode
Random Map
Map size
Large (8 player)
Population
200
Speed
Normal
Resources
Standard
Victory
Conquest
Starting age
Dark Age
Ending age
Imperial Age
RankedLock teamsTeams togetherTeam positionsShared explorationLock speedFull tech treeHidden civsTurbo modeCheats
Victory
Defeat
🇲🇽 Spanish · Mexico
1671
+11
🇨🇱 Vikings · Chile
1564
+15
🇦🇷 Italians · Argentina
1504
+18
🇲🇽 Persians · Mexico
1495
+18
🇦🇷 Mongols · Argentina
1603
-18
🇮🇩 Gurjaras · Indonesia
1567
-16
🇧🇷 Chinese · Brazil
1538
-15
🇦🇷 Wei · Argentina
1485
-13
_29_3ffect_Arg
10:09 Feudal Age
9:54 Loom
15:11 Castle Age
13:59 Horse Collar
14:40 Double-Bit Axe
16:42 Bow Saw
17:42 Town Watch
18:22 Heavy Plow
19:17 Stone Mining
22:02 Wheelbarrow
23:26 Gold Mining
25:03 Stone Shaft Mining
25:04 Gold Shaft Mining
26:40 Scale Barding Armor
28:17 Forging
29:49 Husbandry
30:01 Bloodlines
33:25 Imperial Age
31:51 Fletching
32:54 Tuntian
33:34 Elite Tiger Cavalry
34:38 Chain Barding Armor
34:53 Conscription
35:33 Ming Guang Armor
35:53 Hand Cart
35:46 Treadmill Crane
37:19 Iron Casting
38:48 Elite Skirmisher
39:26 Bodkin Arrow
41:46 Padded Archer Armor
42:56 Leather Archer Armor
44:02 Ballistics
44:42 Chemistry
45:53 Caravan
47:14 Thumb Ring
48:19 Parthian Tactics
48:20 Bracer
48:52 Ring Archer Armor
48:43 Pikeman
49:23 Squires
49:24 Scale Mail Armor
50:25 Blast Furnace
49:34 Halberdier
52:42 Chain Mail Armor
_38_VirusBox_Arg
12:05 Feudal Age
13:28 Double-Bit Axe
15:56 Castle Age
13:50 Horse Collar
16:29 Loom
17:09 Bow Saw
17:02 Heavy Plow
17:39 Wheelbarrow
20:19 Gold Mining
21:19 Fletching
21:58 Bodkin Arrow
23:59 Hand Cart
23:30 Town Watch
23:56 Town Watch
24:40 Stone Mining
26:18 Stone Shaft Mining
30:25 Gold Shaft Mining
33:35 Imperial Age
32:07 Town Patrol
33:01 Padded Archer Armor
34:02 Leather Archer Armor
33:54 Elite Mangudai
34:42 Capped Ram
35:27 Onager
37:35 Ballistics
38:16 Chemistry
37:21 Bracer
37:04 Siege Ram
37:57 Husbandry
38:08 Bloodlines
39:04 Drill
39:04 Conscription
39:00 Siege Ram
39:25 Light Cavalry
40:56 Thumb Ring
40:42 Hussar
41:17 Siege Onager
43:29 Masonry
43:15 Murder Holes
44:59 Hoardings
45:36 Siege Engineers
46:39 Caravan
47:10 Coinage
50:30 Parthian Tactics
50:16 Scale Barding Armor
52:13 Forging
逆·风
0:27 Loom
12:20 Feudal Age
16:40 Castle Age
14:56 Double-Bit Axe
15:45 Stone Mining
15:42 Horse Collar
17:30 Heavy Plow
17:41 Bow Saw
18:00 Fletching
22:50 Wheelbarrow
23:12 Town Watch
24:50 Padded Archer Armor
26:06 Bodkin Arrow
26:27 Leather Archer Armor
28:47 Forging
36:47 Imperial Age
35:18 Ballistics
35:09 Masonry
35:49 Thumb Ring
36:42 Hand Cart
37:10 Elite Chu Ko Nu
38:12 Conscription
38:49 Bracer
39:57 Ring Archer Armor
38:48 Elite Skirmisher
40:35 Chemistry
41:24 Two-Man Saw
40:57 Architecture
40:39 Fortified Wall
41:13 Scale Mail Armor
41:23 Forging
41:16 Squires
41:03 Arson
41:12 Gold Mining
43:31 Chain Mail Armor
43:52 Iron Casting
42:38 Pikeman
45:22 Plate Mail Armor
48:29 Stone Shaft Mining
48:29 Gold Shaft Mining
47:18 Halberdier
48:00 Caravan
48:32 Coinage
49:57 Banking
49:30 Great Wall
49:02 Sappers
51:07 Scale Barding Armor
Embege
0:55 Loom
10:38 Feudal Age
15:48 Castle Age
14:17 Double-Bit Axe
14:45 Horse Collar
17:36 Bow Saw
28:26 Wheelbarrow
32:57 Forging
32:47 Scale Mail Armor
32:57 Forging
35:49 Imperial Age
34:50 Iron Casting
34:02 Arson
34:11 Fletching
35:19 Heavy Plow
35:15 Gold Mining
35:23 Stone Mining
36:04 Hand Cart
36:34 Kshatriyas
36:57 Chain Mail Armor
37:58 Conscription
38:25 Gold Shaft Mining
38:25 Stone Shaft Mining
38:45 Plate Mail Armor
39:57 Chemistry
38:39 Treadmill Crane
39:10 Masonry
39:21 Ballistics
39:02 Elite Chakram Thrower
41:31 Bodkin Arrow
41:36 Padded Archer Armor
42:19 Bracer
43:12 Coinage
42:17 Elite Skirmisher
43:47 Thumb Ring
46:12 Leather Archer Armor
46:57 Caravan
48:47 Elite Elephant Archer
51:39 Husbandry
51:55 Bloodlines
AiM | Fubuki Sinri
10:17 Feudal Age
14:07 Castle Age
12:55 Double-Bit Axe
14:37 Loom
15:09 Horse Collar
21:34 Scale Barding Armor
24:14 Wheelbarrow
24:13 Bloodlines
25:59 Chain Barding Armor
27:24 Masonry
28:09 Forging
28:13 Heavy Plow
30:08 Hand Cart
30:57 Gold Mining
34:19 Imperial Age
34:01 Bow Saw
34:29 Iron Casting
34:15 Cavalier
35:53 Plate Barding Armor
39:53 Fletching
43:50 Light Cavalry
43:51 Savar
45:16 Hussar
45:58 Husbandry
48:07 Blast Furnace
47:13 Savar
49:42 Conscription
50:01 Caravan
51:36 Town Watch
AiM | CyclopsTron
9:45 Feudal Age
14:40 Castle Age
13:13 Double-Bit Axe
13:45 Horse Collar
14:26 Loom
15:48 Bow Saw
24:15 Padded Archer Armor
28:01 Wheelbarrow
29:15 Town Watch
32:26 Hand Cart
32:23 Stone Mining
33:20 Gold Mining
36:24 Imperial Age
34:16 Husbandry
35:54 Bloodlines
36:15 Leather Archer Armor
36:35 Elite Conquistador
38:09 Fortified Wall
38:49 Ring Archer Armor
39:50 Chemistry
42:24 Scale Barding Armor
42:06 Light Cavalry
43:13 Guilds
43:03 Caravan
43:48 Heavy Plow
44:04 Bow Saw
43:30 Hussar
44:31 Chain Barding Armor
45:41 Conscription
46:10 Plate Barding Armor
47:22 Forging
51:57 Two-Man Saw
52:26 Iron Casting
52:07 Masonry
AiM | Facu1414
10:33 Feudal Age
14:48 Castle Age
13:22 Double-Bit Axe
15:13 Loom
16:23 Bow Saw
15:55 Horse Collar
22:39 Wheelbarrow
21:50 Town Watch
22:25 Fletching
22:36 Padded Archer Armor
23:58 Heavy Plow
25:09 Bodkin Arrow
25:30 Leather Archer Armor
26:27 Leather Archer Armor
27:22 Hand Cart
28:30 Ballistics
28:55 Thumb Ring
29:09 Gold Mining
29:11 Stone Mining
30:18 Town Patrol
33:39 Imperial Age
32:38 Gold Mining
33:43 Elite Genoese Crossbowman
34:24 Bracer
35:30 Chemistry
35:44 Murder Holes
36:01 Fortified Wall
37:41 Conscription
37:54 Masonry
39:22 Ring Archer Armor
39:25 Architecture
43:55 Coinage
50:19 Caravan
AiM | Shuffle
10:23 Feudal Age
14:48 Castle Age
13:53 Double-Bit Axe
14:31 Fletching
16:09 Bodkin Arrow
18:17 Bow Saw
18:26 Loom
20:50 Horse Collar
21:02 Gold Mining
23:33 Heavy Plow
27:12 Town Watch
33:16 Imperial Age
32:57 Ballistics
33:37 Scale Mail Armor
33:47 Forging
35:03 Chemistry
34:05 Bracer
34:19 Masonry
34:26 Forging
35:17 Chain Mail Armor
35:27 Squires
35:12 Gambesons
35:14 Arson
35:53 Conscription
35:18 Elite Cannon Galleon
36:33 Elite Longship
38:17 Plate Mail Armor
38:53 Siege Engineers
40:59 Iron Casting
39:58 Elite Berserk
40:40 Chieftains
41:16 Hoardings
43:30 Blast Furnace
43:22 Coinage
47:06 Caravan
47:38 Coinage
50:57 Padded Archer Armor
51:47 Pikeman
52:42 Capped Ram
Connection lost

Rejoining the realm…

Still unreachable

The connection could not be restored.

Session expired

The server has moved on; the page needs a fresh start.